AoeStats
← Caribe

Hideout

509025529Analyzed
1v1 RM · 7d ago on Sep 25, 2026· 31m 37s· 2 players
Game mode
Random Map
Map size
Tiny (2 player)
Population
200
Speed
Normal
Resources
Standard
Victory
Conquest
Starting age
Dark Age
Ending age
Imperial Age
RankedLock teamsTeams togetherTeam positionsShared explorationLock speedFull tech treeHidden civsTurbo modeCheats
Victory
Defeat
🇨🇦 Slavs · Canada
1318
+14
🇻🇪 Vietnamese · Venezuela
1280
-14
Caribe
11:31 Feudal Age
15:09 Castle Age
14:15 Loom
15:07 Double-Bit Axe
15:15 Horse Collar
16:18 Bow Saw
16:13 Heavy Plow
18:50 Fletching
22:00 Town Watch
27:53 Imperial Age
25:57 Forging
25:52 Scale Barding Armor
26:37 Wheelbarrow
27:53 Iron Casting
26:51 Pikeman
27:35 Scale Mail Armor
28:06 Squires
30:56 Scale Barding Armor
30:49 Halberdier
32:00 Bloodlines
31:51 Husbandry
Longplaying
9:55 Feudal Age
8:23 Loom
15:54 Castle Age
13:58 Horse Collar
14:44 Double-Bit Axe
17:00 Bow Saw
16:52 Heavy Plow
18:42 Loom
19:34 Town Watch
20:24 Wheelbarrow
20:36 Gold Mining
22:37 Bloodlines
23:13 Scale Barding Armor
25:48 Chain Barding Armor
29:00 Hand Cart
29:48 Gold Shaft Mining
Connection lost

Rejoining the realm…

Still unreachable

The connection could not be restored.

Session expired

The server has moved on; the page needs a fresh start.